 Dungeon Crawl Stone Soup version 0.18.1-8-gdd0e5ea (webtiles) character file.

14779 dvd the Zephyrmancer (level 11, 0/70 HPs)
             Began as a High Elf Air Elementalist on May 28, 2016.
             Was a High Priest of Okawaru.
             Slain by an elephant (15 damage)
             ... on level 4 of the Lair of Beasts.
             The game lasted 01:07:27 (18375 turns).

dvd the Zephyrmancer (High Elf Air Elementalist)   Turns: 18375, Time: 01:07:28

Health: 0/70       AC:  7    Str:  7    XL:     11   Next: 93%
Magic:  12/27      EV: 17    Int: 24    God:    Okawaru [*****.]
Gold:   351        SH:  0    Dex: 15    Spells: 6 memorised, 14 levels left

rFire  + . .     SeeInvis .     R - +9 Sword of Zonguldrok {reap, *Curse} (curse)
rCold  . . .     Gourm    .     n - +2 robe {rC+}
rNeg   . . .     Faith    .     (no shield)
rPois  .         Spirit   .     E - +0 helmet
rElec  .         Dismiss  .     (no cloak)
rCorr  .         Reflect  .     S - +0 pair of gloves
SustAt .         Harm     .     C - +0 pair of boots
MR     +....                    (no amulet)
Stlth  +++.......               r - ring of fire
                                m - ring of flight

@: repel missiles, somewhat resistant to hostile enchantments, fairly stealthy
A: no striking features
a: Heroism, Finesse, Renounce Religion, Evoke Flight


You were on level 4 of the Lair of Beasts.
You worshipped Okawaru.
Okawaru was extremely pleased with you.
You were near starving.

You visited 3 branches of the dungeon, and saw 15 of its levels.

You collected 645 gold pieces.
You spent 294 gold pieces at shops.

Inventory:

Hand Weapons
 a - a +1 rapier of speed
 i - a +2 dagger of holy wrath
 j - the cursed +1 flail of Crusades {vamp, *Drain rElec rF+++ Dex+2, unknown}
   (You found it on level 7 of the Dungeon)

   It inflicts no extra harm, but heals its wielder somewhat when it strikes a
   living foe.
   It affects your dexterity (+2).
   It renders you almost immune to fire.
   It insulates you from electricity.
   It causes draining when unequipped.
   It has a curse placed upon it.
 o - a +1 dagger of speed
 w - the +3 whip of Hausanet {freeze, +Fly rF+ MP+9}
   (You found it on level 8 of the Dungeon)

   It has been specially enchanted to freeze those struck by it, causing extra
   injury to most foes and up to half again as much damage against particularly
   susceptible opponents.
   It can also slow down cold-blooded creatures.
   It protects you from fire.
   It affects your magic capacity (+9).
   It lets you fly.
 z - a +0 great sword
 D - a +1 falchion
 I - a +2 morningstar of crushing
 K - a +0 scimitar of flaming
 R - the cursed +9 Sword of Zonguldrok (weapon) {reap, *Curse}
   (You found it on level 3 of the Lair of Beasts)

   If a monster killed with it leaves a corpse in good enough shape, the corpse
   will be animated as a zombie friendly to the killer.
   It may re-curse itself when equipped.
   It has a curse placed upon it.
Armour
 n - a +2 robe of cold resistance (worn)
 x - a +0 chain mail of fire resistance
 C - a +0 pair of boots (worn)
 E - a +0 helmet (worn)
 G - the +2 cloak "Noman" {rC+ Int-5 Stlth+}
   (You bought it in a shop on level 5 of the Dungeon)

   It affects your intelligence (-5).
   It protects you from cold.
   It makes you more stealthy.
 S - a +0 pair of gloves (worn)
Magical Staves
 q - an uncursed staff of summoning
 A - an uncursed staff of earth
 Q - an uncursed staff of wizardry {unknown}
Jewellery
 m - a ring of flight (left hand)
 p - an uncursed amulet of harm
 r - a ring of fire (right hand)
Wands
 g - a wand of iceblast (10/15)
 u - a wand of iceblast (3/15)
 B - a wand of lightning (12/15)
 H - a wand of teleportation (8/9)
 O - a wand of disintegration (8/24)
 P - a wand of acid (7/15)
Scrolls
 d - a scroll of blinking
 h - 6 scrolls of identify
 k - 2 scrolls of remove curse
 N - 4 scrolls of enchant armour
 T - a scroll of amnesia
Potions
 e - a potion of haste
 s - 2 potions of agility
 v - 2 potions of might
 J - a potion of flight
 L - a potion of curing
Books
 b - a book of Air

   Spells                             Type                      Level
   a - Shock                          Conjuration/Air              1
   b - Swiftness                      Charms/Air                   2
   c - Repel Missiles                 Charms/Air                   2
   d - Static Discharge               Conjuration/Air              3
   e - Lightning Bolt                 Conjuration/Air              5
 l - Femih's Grimoire of the Doomed Rocks
   (You found it on level 9 of the Dungeon)

   Spells                             Type                      Level
   a - Passwall                       Transmutation/Earth          2
   b - Petrify                        Transmutation/Earth          4
   c - Excruciating Wounds            Charms/Necromancy            5
   d - Shatter                        Earth                        9
 t - a Fen Folio

   Spells                             Type                      Level
   a - Corpse Rot                     Necromancy                   2
   b - Stone Arrow                    Conjuration/Earth            3
   c - Leda's Liquefaction            Hexes/Earth                  4
   d - Summon Forest                  Summoning/Translocation      5
   e - Hydra Form                     Transmutation                6
   f - Summon Hydra                   Summoning                    7
 y - Kayzipra's Grimoire of Confrontation
   (You found it on level 4 of the Dungeon)

   Spells                             Type                      Level
   a - Throw Flame                    Conjuration/Fire             2
   b - Stone Arrow                    Conjuration/Earth            3
   c - Irradiate                      Conjuration/Transmutation    5
   d - Fireball                       Conjuration/Fire             5
   e - Venom Bolt                     Conjuration/Poison           5
 M - a book of Debilitation

   Spells                             Type                      Level
   a - Corona                         Hexes                        1
   b - Slow                           Hexes                        2
   c - Gell's Gravitas                Hexes/Translocation          3
   d - Inner Flame                    Hexes/Fire                   3
   e - Cause Fear                     Hexes                        4
   f - Leda's Liquefaction            Hexes/Earth                  4
Comestibles
 c - 4 bread rations
 f - 4 meat rations
 F - 4 fruits


   Skills:
 + Level 4.5 Fighting
 + Level 3.4(4.2) Short Blades
 * Level 3.6(4.3) Long Blades
 + Level 8.6 Dodging
 + Level 4.7 Stealth
 + Level 11.0 Spellcasting
 + Level 9.9 Conjurations
 + Level 0.5 Charms
 + Level 0.8 Fire Magic
 + Level 11.7 Air Magic
 + Level 0.7 Invocations


You had 14 spell levels left.
You knew the following spells:

 Your Spells              Type           Power        Failure   Level  Hunger
a - Shock                 Conj/Air       ####         1%          1    None
b - Repel Missiles        Chrm/Air       #####.       1%          2    None
c - Static Discharge      Conj/Air       ######..     1%          3    None
d - Lightning Bolt        Conj/Air       ######....   1%          5    ####...
e - Throw Flame           Conj/Fire      ######       1%          2    None
f - Fireball              Conj/Fire      ######....   17%         5    ####...


Dungeon Overview and Level Annotations

Branches:
Dungeon (9/15)             Temple (1/1) D:6            Lair (5/8) D:9
  Swamp: Lair:3-6    Shoals: Lair:3-6     Snake: Lair:3-6    Spider: Lair:3-6
    Orc: D:9-12

Altars:
Ashenzari
Cheibriados
Dithmenos
Elyvilon
Fedhas
Gozag
Kikubaaqudgha
Makhleb
Nemelex Xobeh
Okawaru
Pakellas
Qazlal
Ru
Sif Muna
Trog
Vehumet
Xom
Yredelemnul
Zin
The Shining One

Shops:
D:5 [

Annotations:
D:3 Edmund
D:9 Gastronok


Message History

Unknown command.
Casting: Static Discharge
Confirm with . or Enter, or press ? or * to list all spells.
The elephant is struck by lightning.
The elephant is severely wounded.
The lightning grounds out.
The elephant tramples you!
* * * LOW HITPOINT WARNING * * *
You stumble backwards!
Casting: Static Discharge
Confirm with . or Enter, or press ? or * to list all spells.
The elephant is struck by lightning.
The elephant is severely wounded.
The lightning arcs!
You are struck by lightning.
* * * LOW HITPOINT WARNING * * *
The lightning grounds out.
The elephant barely misses you.
The elephant trunk-slaps you but does no damage.
You hit the elephant but do no damage.
The elephant is severely wounded.
The elephant tramples you!
You die...

##.# ###.#..###
###..## ###...#
#.#P..### ####....##
.>......###........#
.......#.##........#
.......####........#
........#P.........#
........#..<....Y..#
................@..#
.........#.#.#.....#
####.#######.#######
###P..# ##.# #....P#
#..## ....### ##..#
..P## ##.## ....#
#P..# ....# #...##


You could see an elephant.

Vanquished Creatures
  Erolcha (D:9)
  Erica (Lair:2)
  2 hydras
  Pikel (D:4)
  The ghost of Wooh the Grappler, a novice VSMo of Dithmenos (D:8)
  A spiny frog (Lair:2)
  2 komodo dragons
  2 blink frogs
  Sigmund (D:3)
  15 yaks
  2 hippogriffs
  A steam dragon (Lair:4)
  A water moccasin (Lair:1)
  5 porcupines
  Duvessa (D:7)
  11 ice beasts
  2 sky beasts
  An orc warrior (D:7)
  A necrophage (D:9)
  An eye of draining (D:8)
  3 phantoms
  10 wolves
  5 ogres
  3 centaurs
  3 crocodiles
  7 giant frogs
  2 wyvern skeletons
  4 scorpions
  Dowan (D:7)
  3 vampire bats (D:3)
  3 howler monkeys
  3 electric eels (D:9)
  9 crimson imps
  2 quasits
  6 orc priests
  10 hounds
  A centaur skeleton (D:5)
  A jelly (D:6)
  A giant frog skeleton (D:5)
  Natasha (twice) (D:3)
  9 iguanas
  8 orc wizards
  6 worker ants
  A killer bee zombie (D:8)
  3 sheep
  2 hound zombies (D:7)
  10 adders
  4 gnolls (D:5)
  9 river rats (Lair:5)
  3 shadow imps
  2 oozes (D:2)
  4 adder zombies
  5 adder skeletons
  3 worms
  2 dart slugs
  3 giant geckos
  45 orcs
  3 bats
  4 bat skeletons (D:3)
  A bat zombie (D:3)
  5 giant cockroaches
  2 gnoll zombies (D:6)
  11 goblins
  3 hobgoblins (D:2)
  8 jackals
  5 quokkas
  A ball python (D:3)
  7 giant newts
  2 kobolds
  A quokka skeleton (D:6)
  5 rats
  2 plants
311 creatures vanquished.

Vanquished Creatures (collateral kills)
  A sheep (Lair:3)
  A river rat (Lair:5)
2 creatures vanquished.

Vanquished Creatures (others)
  An ogre (D:4)
  A slave (D:4)
  A howler monkey (D:4)
  2 iguanas
  3 fungi
  3 plants
11 creatures vanquished.

Grand Total: 324 creatures vanquished

Notes
Turn   | Place    | Note
--------------------------------------------------------------
     0 | D:1      | dvd the High Elf Air Elementalist began the quest for the Orb.
     0 | D:1      | Reached XP level 1. HP: 11/11 MP: 4/4
   404 | D:1      | Reached XP level 2. HP: 17/17 MP: 0/6
   592 | D:1      | Learned a level 2 spell: Repel Missiles
   945 | D:2      | Reached XP level 3. HP: 21/21 MP: 0/8
  1415 | D:2      | Learned a level 3 spell: Static Discharge
  1488 | D:2      | Found a bloodstained altar of Trog.
  1741 | D:2      | Found a shimmering altar of Xom.
  1747 | D:2      | Reached XP level 4. HP: 27/27 MP: 4/9
  1862 | D:2      | Reached skill level 5 in Air Magic
  2335 | D:3      | Noticed Sigmund
  2342 | D:3      | Killed Sigmund
  2342 | D:3      | Reached XP level 5. HP: 23/31 MP: 3/12
  2342 | D:3      | Reached XP level 6. HP: 26/36 MP: 3/13
  2616 | D:3      | Found a shadowy altar of Dithmenos.
  2775 | D:3      | Found a blossoming altar of Fedhas.
  2863 | D:3      | Found an ancient bone altar of Kikubaaqudgha.
  2867 | D:3      | Noticed Natasha
  2868 | D:3      | Killed Natasha
  3034 | D:3      | Noticed Natasha
  3036 | D:3      | Killed Natasha
  3138 | D:4      | Reached skill level 5 in Spellcasting
  3138 | D:4      | Reached XP level 7. HP: 42/42 MP: 10/15
  3162 | D:4      | Identified Kayzipra's Grimoire of Confrontation
  3201 | D:4      | Noticed Edmund
  3649 | D:4      | Noticed Pikel
  3660 | D:4      | Killed Pikel
  3660 | D:4      | Reached skill level 1 in Fighting
  3660 | D:4      | Reached skill level 5 in Dodging
  3660 | D:4      | Reached XP level 8. HP: 39/48 MP: 6/17
  3736 | D:4      | Learned a level 5 spell: Lightning Bolt
  3808 | D:4      | Found a burning altar of Makhleb.
  3819 | D:4      | Reached skill level 5 in Conjurations
  3821 | D:4      | Found a glowing silver altar of Zin.
  3821 | D:4      | Noticed a green death
  3821 | D:4      | Noticed an angel
  4018 | D:4      | Found a shattered altar of Ashenzari.
  4242 | D:5      | Entered Level 5 of the Dungeon
  4840 | D:5      | Found Naoqel's Antique Armour Emporium.
  5960 | D:6      | Gained mutation: Your spells are a little harder to cast, but a little more powerful. [potion of beneficial mutation]
  5989 | D:6      | Found a sparkling altar of Nemelex Xobeh.
  6210 | D:6      | Reached XP level 9. HP: 46/54 MP: 16/20
  6377 | D:6      | Found a staircase to the Ecumenical Temple.
  6390 | Temple   | Entered the Ecumenical Temple
  6598 | Temple   | Became a worshipper of the Shining One
  6642 | D:6      | Was placed under penance by the Shining One
  6643 | D:6      | Found an iron altar of Okawaru.
  6651 | D:6      | Fell from the grace of the Shining One
  6659 | D:6      | Became a worshipper of Warmaster Okawaru
  7159 | D:6      | Found a basalt altar of Yredelemnul.
  7461 | D:7      | Reached skill level 1 in Short Blades
  7844 | D:7      | Found an oddly glowing altar of Pakellas.
  7844 | D:7      | Noticed an orange crystal statue
  8182 | D:7      | Got a pitted flail
  8192 | D:7      | Noticed Duvessa
  8192 | D:7      | Noticed Dowan
  8196 | D:7      | Killed Dowan
  8199 | D:7      | Killed Duvessa
  8562 | D:7      | Reached * piety under Okawaru
  9294 | D:8      | Noticed Wooh's ghost (novice VSMo)
 10186 | D:7      | Reached ** piety under Okawaru
 10340 | D:8      | Killed Wooh's ghost
 10340 | D:8      | Reached XP level 10. HP: 9/63 MP: 10/23
 10365 | D:7      | Noticed a hill giant
 10797 | D:8      | Found a deep blue altar of Sif Muna.
 10898 | D:8      | Got a brightly glowing whip
 10899 | D:8      | Identified the cursed +3 whip of Hausanet {freeze, +Fly rF+ MP+9} (You found it on level 8 of the Dungeon)
 11375 | D:5      | Bought a distressingly furry cloak for 294 gold pieces
 11380 | D:5      | Identified the +2 cloak "Noman" {rC+ Int-5 Stlth+} (You bought it in a shop on level 5 of the Dungeon)
 11474 | D:5      | Found a radiant altar of Vehumet.
 11597 | D:9      | Found a sparkling altar of Nemelex Xobeh.
 11614 | D:9      | Learned a level 2 spell: Throw Flame
 11649 | D:9      | Lost mutation: Your spells are a little harder to cast, but a little more powerful. [potion of cure mutation]
 11701 | D:9      | Reached *** piety under Okawaru
 11744 | D:9      | Noticed Erolcha
 11873 | D:9      | Killed Erolcha
 11873 | D:9      | Reached skill level 10 in Air Magic
 12271 | D:9      | Found a staircase to the Lair.
 12296 | D:9      | Noticed Gastronok
 12297 | D:9      | Identified Femih's Grimoire of the Doomed Rocks (You found it on level 9 of the Dungeon)
 12333 | D:8      | Learned a level 5 spell: Fireball
 12356 | D:9      | Reached **** piety under Okawaru
 13207 | Lair:1   | Entered Level 1 of the Lair of Beasts
 13957 | Lair:1   | Reached skill level 10 in Spellcasting
 13960 | Lair:1   | Reached XP level 11. HP: 43/67 MP: 9/26
 14466 | Lair:2   | Noticed Erica
 14747 | Lair:2   | Noticed a five-headed hydra
 14754 | Lair:2   | Killed a five-headed hydra
 14776 | Lair:2   | Reached ***** piety under Okawaru
 14950 | Lair:2   | Killed Erica
 15449 | Lair:3   | Received a gift from Okawaru
 15599 | Lair:2   | HP: 2/68 [/static electricity (3)]
 17228 | Lair:4   | Reached skill level 1 in Long Blades
 18338 | Lair:5   | Noticed a six-headed hydra
 18343 | Lair:5   | Killed a six-headed hydra
 18375 | Lair:4   | Slain by an elephant

Skill      XL: |  1  2  3  4  5  6  7  8  9 10 11 |
---------------+----------------------------------+-----
Air Magic      | 4 5 6 7 9 10 11 | 11.7
Spellcasting   | 3 4 5 7 8 10 11 | 11.0
Conjurations   | 2 3 4 6 7 8 9 |  9.9
Dodging        | 3 5 6 7 8 |  8.6
Fighting       | 1 2 3 4 |  4.5
Stealth        | 3 4 |  4.7
Short Blades   | 2 3 |  3.4
Long Blades    | 3 |  3.6
Charms         | |  0.5
Fire Magic     | |  0.8
Invocations    | |  0.7

Action                   |  1- 3 |  4- 6 |  7- 9 | 10-12 || total
-------------------------+-------+-------+-------+-------++-------
Melee: Unarmed           |     2 |       |       |       ||     2
       Dagger            |     3 |       |       |     2 ||     5
       Short sword       |       |    26 |    26 |       ||    52
       Falchion          |       |       |    17 |       ||    17
       Rapier            |       |       |   114 |   119 ||   233
       Double sword      |       |       |       |   103 ||   103
       Scimitar          |       |       |       |    30 ||    30
 Cast: Shock             |    84 |    71 |   256 |    58 ||   469
       Repel Missiles    |     1 |     1 |     2 |     1 ||     5
       Static Discharge  |       |     4 |    36 |    68 ||   108
       Lightning Bolt    |       |       |    16 |    77 ||    93
       Throw Flame       |       |       |       |    16 ||    16
       Fireball          |       |       |       |     2 ||     2
Invok: Heroism           |       |       |     2 |     1 ||     3
       Renounce Religion |       |       |     1 |       ||     1
Evoke: Wand              |       |       |       |     2 ||     2
  Use: Potion            |       |       |    11 |     1 ||    12
       Scroll            |       |       |    11 |    10 ||    21
 Stab: Sleeping          |       |       |     3 |     2 ||     5
  Eat: Chunk             |     3 |     4 |    12 |    18 ||    37
       Pizza             |       |       |     2 |     1 ||     3
       Meat ration       |       |       |     3 |     1 ||     4
       Royal jelly       |       |       |       |     3 ||     3
       Beef jerky        |       |       |       |     1 ||     1
       Bread ration      |       |       |       |     1 ||     1
Armor: Robe              |     5 |    13 |    26 |    70 ||   114
Dodge: Dodged            |    22 |    48 |   150 |   313 ||   533
       Deflected         |     2 |     1 |     2 |     4 ||     9
